 Dungeon Crawl Stone Soup version 0.20.0-15-g7f486f2 (webtiles) character file.

34 Omegatherion the Cudgeler (level 3, -3/23 HPs)
             Began as a Gargoyle Fighter on June 22, 2017.
             Slain by a gnoll
             ... wielding a +0 whip
              (6 damage)
             ... on level 2 of the Dungeon.
             The game lasted 00:01:05 (973 turns).

Omegatherion the Cudgeler (Gargoyle Fighter)         Turns: 973, Time: 00:01:06

Health: -3/23      AC: 10    Str: 19    XL:     3   Next: 31%
Magic:  3/3        EV:  7    Int:  8    God:
Gold:   127        SH:  9    Dex: 10    Spells: 2/2 levels left

rFire    . . .     SeeInvis .   a - +0 flail
rCold    . . .     Gourm    .   c - +0 shield
rNeg     + . .     Faith    .   b - +0 scale mail
rPois    ∞         Spirit   .   (no helmet)
rElec    +         Reflect  .   (no cloak)
rCorr    .         Harm     .   (no gloves)
MR       .....                  (no boots)
Stlth    ..........             (no amulet)
Regen    0.1/turn               (no ring)
MPRegen  0.1/turn               (no ring)

@: no status effects
A: negative energy resistance 1, electricity resistance, unbreathing,
petrification resistance, rot immunity, AC +3
a: no special abilities


You were on level 2 of the Dungeon.
You were not hungry.

You visited 1 branch of the dungeon, and saw 2 of its levels.

You collected 127 gold pieces.

Inventory:

Hand Weapons
 a - a +0 flail (weapon)
Armour
 b - a +0 scale mail (worn)
 c - a +0 shield (worn)
Jewellery
 o - an uncursed ring of ice {unknown}
Scrolls
 g - 2 scrolls of enchant weapon {unknown}
 j - a scroll of amnesia {unknown}
 k - a scroll of identify {unknown}
 l - a scroll of random uselessness {unknown}
 m - a scroll of remove curse {unknown}
Potions
 d - a potion of might
 e - a potion of resistance {unknown}
 h - a potion of cancellation {unknown}
 i - a potion of berserk rage {unknown}
 n - a potion of haste {unknown}
Comestibles
 f - 2 bread rations


   Skills:
 - Level 3.3 Fighting
 + Level 3.5 Maces & Flails
 - Level 3.4 Armour
 - Level 3.2 Shields


You had 2 spell levels left.
You didn't know any spells.

Dungeon Overview and Level Annotations

Branches:
Dungeon (2/15)

Altars:


Innate Abilities, Weirdness & Mutations

You are resistant to torment.
Your stone body is resilient. (AC +3)
You are immune to poison.
You resist negative energy. (rN+)
You are resistant to electric shocks. (rElec)
You can survive without breathing.
You are immune to petrification.
You are immune to rotting.


Message History

You are too injured to fight recklessly!
You are too injured to fight recklessly!
You are too injured to fight recklessly!
You are too injured to fight recklessly!
You are too injured to fight recklessly!
You are too injured to fight recklessly!
You are too injured to fight recklessly!
You block the gnoll's attack. The gnoll completely misses you.
You hit the gnoll.
The gnoll is heavily wounded.
The gnoll hits you with a whip. You block the gnoll's attack.
Your shield prevents you from hitting the gnoll.
The gnoll is heavily wounded.
The gnoll hits you but does no damage. You block the gnoll's attack.
The gnoll hits you from afar with a spear.
* * * LOW HITPOINT WARNING * * *
Your shield and scale mail prevent you from hitting the gnoll.
The gnoll is heavily wounded.
The gnoll hits you with a whip.
You die...

........####
........+..#
........##.# #########
........##@# #........
........##g# #........
## ........##g#
#........ .#
......†)##g# #.g......
.#
.......(##g#####......[.
...
.......(.....gg.....%..>
.###
.......(.###..(.#####.##
.# ####.###.# #....# .
... #.# #....#


You could see 4 gnolls.

Vanquished Creatures
  An ooze (D:2)
  2 dart slugs (D:1)
  A leopard gecko (D:2)
  2 giant cockroaches (D:2)
  2 goblins
  3 hobgoblins (D:1)
  6 kobolds
  A quokka (D:2)
  A bat (D:1)
  2 frilled lizards (D:1)
  3 rats (D:1)
24 creatures vanquished.

Notes
Turn   | Place    | Note
-------+----------+-------------------------------------------
     0 | D:1      | Omegatherion the Gargoyle Fighter began the quest for the Orb.
     0 | D:1      | Reached XP level 1. HP: 14/14 MP: 1/1
   306 | D:1      | Reached XP level 2. HP: 19/19 MP: 2/2
   808 | D:2      | Reached XP level 3. HP: 19/23 MP: 3/3
   973 | D:2      | Slain by a gnoll

Skill      XL: |  1  2 |
---------------+-------+-----
Maces & Flails | 3 |  3.5
Fighting       | |  3.3
Armour         | |  3.4
Shields        | |  3.2

Action                   || total
-------------------------++-------
Melee: Flail             ||    90
Armor: Scale mail        ||    55
Dodge: Dodged            ||    24
Block: Shield            ||    45
